AoeStats
← sebastianlopez2707

Arena

504341516Analyzed
1v1 RM · 28d ago on Sep 4, 2026· 67m 44s· 2 players
Game mode
Random Map
Map size
Tiny (2 player)
Population
200
Speed
Normal
Resources
Standard
Victory
Conquest
Starting age
Dark Age
Ending age
Imperial Age
RankedLock teamsTeams togetherTeam positionsShared explorationLock speedFull tech treeHidden civsTurbo modeCheats
Victory
Defeat
🇹🇷 Khmer · Türkiye
551
+13
🇨🇴 Franks · Colombia
496
-13
sebastianlopez2707
9:45 Loom
11:31 Feudal Age
12:40 Double-Bit Axe
17:27 Castle Age
16:55 Wheelbarrow
18:30 Bow Saw
20:57 Hand Cart
23:38 Scale Barding Armor
23:43 Forging
29:30 Chain Barding Armor
29:46 Iron Casting
29:13 Padded Archer Armor
29:04 Fletching
28:52 Pikeman
30:05 Squires
29:51 Arson
29:52 Gambesons
38:23 Leather Archer Armor
38:05 Bodkin Arrow
39:34 Husbandry
44:40 Imperial Age
45:31 Cavalier
46:50 Halberdier
50:38 Conscription
58:31 Blast Furnace
57:32 Scale Mail Armor
60:46 Chain Mail Armor
62:28 Chivalry
61:52 Paladin
mehmet.eroztoprak
13:42 Feudal Age
15:28 Feudal Age
18:39 Castle Age
17:43 Horse Collar
18:37 Bloodlines
21:25 Husbandry
21:11 Pikeman
24:17 Double-Bit Axe
24:38 Heavy Plow
24:32 Gold Mining
24:59 Scale Barding Armor
25:40 Scale Mail Armor
27:05 Chain Mail Armor
26:42 Arson
29:27 Forging
29:38 Chain Barding Armor
35:37 Imperial Age
35:46 Iron Casting
37:18 Murder Holes
38:25 Chemistry
39:22 Plate Barding Armor
41:14 Gold Shaft Mining
40:37 Stone Mining
41:28 Wheelbarrow
40:42 Loom
43:38 Double Crossbow
44:16 Elite Ballista Elephant
48:04 Halberdier
50:33 Hand Cart
55:21 Blast Furnace
54:32 Fletching
57:39 Heavy Scorpion
66:11 Heated Shot
Connection lost

Rejoining the realm…

Still unreachable

The connection could not be restored.

Session expired

The server has moved on; the page needs a fresh start.